 Dungeon Crawl Stone Soup version 0.17-a0-870-gcb215c1 (webtiles) character file.

7368 inmateoo the Cruncher (level 11, -7/66 HPs)
             Began as a Human Gladiator on Apr 29, 2015.
             Was a High Priest of Vehumet.
             Mangled by an unseen horror (8 damage)
             ... on level 11 of the Dungeon.
             The game lasted 00:20:20 (9925 turns).

inmateoo the Cruncher (Human Gladiator)             Turns: 9925, Time: 00:20:20

Health: -7/66      AC: 15    Str: 15    XL:     11   Next: 35%
Magic:  0/17       EV: 16    Int: 10    God:    Vehumet [*****.]
Gold:   781        SH:  3    Dex: 21    Spells: 3 memorised, 10 levels left

rFire  . . .     SeeInvis .     a - +2 quarterstaff
rCold  + . .     Clarity  .     E - +4 ring mail {rPois}
rNeg   + . .     SustAb   .     (no shield)
rPois  +         Gourm    .     F - +0 hat
rElec  .         Spirit   +     h - +0 cloak
rCorr  .         Warding  .     g - +1 pair of gloves
rMut   .         Stasis   .     (no boots)
MR     .....                    w - amulet of guardian spirit
Stlth  +.........               H - ring of positive energy
                                t - +3 ring of dexterity

@: very slightly contaminated, not resistant to hostile enchantments, very
unstealthy
A: horns 1, talons 1, large bone plates 2, agile 1, cold resistance 1, frail 2,
spit poison 1
a: Spit Poison, Renounce Religion


You were on level 11 of the Dungeon.
You worshipped Vehumet.
Vehumet was extremely pleased with you.
You were not hungry.

You visited 1 branch of the dungeon, and saw 11 of its levels.

You collected 781 gold pieces.

Inventory:

Hand weapons
 a - a +2 quarterstaff (weapon)
Missiles
 d - 6 throwing nets (quivered)
Armour
 g - a +1 pair of gloves (worn)
 h - a +0 cloak (worn)
 p - a +2 helmet
 E - a +4 ring mail of poison resistance (worn)
 F - a +0 hat (worn)
Magical staves
 n - an uncursed staff of cold
Jewellery
 c - an uncursed amulet of rage
 t - a +3 ring of dexterity (left hand)
 w - an amulet of guardian spirit (around neck)
 y - an uncursed ring of ice
 H - a ring of positive energy (right hand)
 J - an uncursed amulet of regeneration {unknown}
 L - an uncursed ring of protection from magic {unknown}
Magical devices
 C - a wand of disintegration (12)
 D - a wand of flame (29)
 I - a wand of frost (32)
 K - a wand of magic darts (20)
 P - a wand of teleportation (6)
 T - a wand of cold (7)
Scrolls
 k - 4 scrolls of teleportation
 o - 8 scrolls of remove curse
 r - 5 scrolls of magic mapping
 N - a scroll of recharging
 O - a scroll of blinking
 R - a scroll of fear
Potions
 f - 2 potions of cure mutation
 i - 2 potions of haste
 u - a potion of magic
 x - 2 potions of resistance
 z - a potion of curing
 A - a potion of flight
 Q - a potion of cancellation {unknown}
 V - a potion of invisibility
Books
 b - a book of Envenomations

   Spells                             Type                      Level
   a - Spider Form                    Transmutation/Poison         3
   b - Alistair's Intoxication        Transmutation/Poison         4
   c - Olgreb's Toxic Radiance        Poison                       4
   d - Poisonous Cloud                Conjuration/Poison/Air       6
 s - a book of Power

   Spells                             Type                      Level
   a - Fulminant Prism                Conjuration/Hexes            4
   b - Iskenderun's Mystic Blast      Conjuration                  4
   c - Venom Bolt                     Conjuration/Poison           5
   d - Bolt of Magma                  Conjuration/Fire/Earth       5
   e - Iron Shot                      Conjuration/Earth            6
   f - Orb of Destruction             Conjuration                  7
   g - Spellforged Servitor           Conjuration/Summoning        7
 v - a book of Alchemy

   Spells                             Type                      Level
   a - Sublimation of Blood           Necromancy                   2
   b - Alistair's Intoxication        Transmutation/Poison         4
   c - Condensation Shield            Ice                          4
   d - Petrify                        Transmutation/Earth          4
   e - Ignite Poison                  Fire/Transmutation/Poison    3
   f - Irradiate                      Conjuration/Transmutation    5
 G - a book of Ice

   Spells                             Type                      Level
   a - Ice Form                       Ice/Transmutation            4
   b - Metabolic Englaciation         Hexes/Ice                    5
   c - Ozocubu's Refrigeration        Ice                          6
   d - Bolt of Cold                   Conjuration/Ice              6
   e - Freezing Cloud                 Conjuration/Ice/Air          6
   f - Simulacrum                     Ice/Necromancy               6
Miscellaneous
 q - a stone of tremors
Comestibles
 e - 8 bread rations
 j - 2 slices of pizza
 l - 6 meat rations
 m - 5 fruits
 B - 10 beef jerkies
 M - 4 chunks of flesh
 S - a royal jelly


   Skills:
 + Level 6.6 Fighting
 * Level 9.6 Staves
 - Level 2.0 Throwing
 + Level 6.4 Dodging
 + Level 4.0 Spellcasting
 + Level 4.0 Conjurations
 * Level 6.8 Fire Magic
 * Level 6.3 Evocations


You had 10 spell levels left.
You knew the following spells:

 Your Spells              Type           Power        Failure   Level  Hunger
a - Flame Tongue          Conj/Fire      ##...        2%          1    #......
b - Sticky Flame          Conj/Fire      ##......     24%         4    #####..
c - Mephitic Cloud        Conj/Pois/Air  #.......     41%         3    ###....


Dungeon Overview and Level Annotations

Branches:
Dungeon (11/15)            Temple (0/1) D:6            Lair (0/8) D:9
    Orc (0/4) D:9

Altars:
Ashenzari
Cheibriados
Fedhas
Nemelex Xobeh
Okawaru
Ru
Trog
Vehumet
Xom
Yredelemnul
Zin

Shops:
D:5 (

Annotations:
D:8 Erolcha


Innate Abilities, Weirdness & Mutations

You have a pair of small horns on your head.
You have sharp toenails.
You are mostly covered in large bone plates (AC +3, SH +3).
You are agile. (Dex +2)
Your flesh is cold resistant.
You are very frail (-20% HP).
You can spit weak poison.


Message History

Casting: Sticky Flame
Confirm with . or Enter, or press ? or * to list all spells.
You don't know that spell.
Unknown command.
Something closely misses you.
Casting: Sticky Flame
Confirm with . or Enter, or press ? or * to list all spells.
Aiming: Sticky Flame
Press: ? - help, Shift-Dir - straight line You miscast Sticky Flame.
You are very lightly contaminated with residual magic.
Energy rips through your body!
* * * LOW HITPOINT WARNING * * *
Something hits you.
* * * LOW HITPOINT WARNING * * *
Unknown command.
Something hits you!
* * * LOW HITPOINT WARNING * * *
Something hits you!
You die...

#..#....)..<..#
#...#........##
##..##......##
#..######### ###..##
[.## #....(#
.....##.###(# #.....##)#
###.@.#)# ##### #.#..)#
...... ##u##..##......
####..###....O....o
....##.........(........
.....................o..
...................####
..................#
..................#


You could see a white ugly thing.

Vanquished Creatures
  The ghost of Chiseanne the Fighter, an experienced DsWn of Okawaru (D:9)
  Joseph (D:7)
  A troll (D:10)
  2 deep elf magi
  A wyvern (D:8)
  A slave (D:4)
  A warg (D:9)
  2 ice beasts
  2 phantoms
  4 sky beasts
  3 black bears
  4 ogres
  An eye of draining (D:9)
  2 orc warriors
  3 centaurs
  A necrophage (D:10)
  2 big kobolds
  2 crocodiles
  12 orc wizards
  4 giant frogs
  18 killer bees
  2 scorpions
  7 crimson imps
  2 centaur zombies
  A wasp zombie (D:6)
  A giant frog zombie (D:6)
  A quasit (D:6)
  4 hounds
  4 orc priests
  A giant frog skeleton (D:6)
  4 iguanas
  5 worker ants
  A hound skeleton (D:6)
  15 adders
  4 gnolls
  A worker ant zombie (D:7)
  2 white imps (D:8)
  2 shadow imps
  An ufetubus (D:8)
  6 worms
  53 orcs
  12 bats
  2 bat skeletons
  2 gnoll zombies (D:7)
  29 hobgoblins
  31 kobolds
  4 quokkas
  2 ball pythons
  4 giant cockroaches
  8 giant geckos
  2 giant newts
  A giant spore (D:9)
  22 goblins
  12 jackals
  A quokka skeleton (D:4)
  15 rats
  17 ballistomycetes (D:9)
349 creatures vanquished.

Vanquished Creatures (collateral kills)
  Pikel (D:4)
  A two-headed ogre (D:9)
  A vampire mosquito (D:9)
  A warg (D:9)
  2 ogres (D:4)
  An orc warrior (D:9)
  4 killer bees (D:9)
  An orc wizard (D:9)
12 creatures vanquished.

Vanquished Creatures (others)
  A raiju (D:8)
  A basilisk (D:8)
  2 slaves (D:4)
  3 orcs (D:4)
  A ball python (D:4)
  3 giant spores (D:9)
11 creatures vanquished.

Grand Total: 372 creatures vanquished

Notes
Turn   | Place    | Note
--------------------------------------------------------------
     0 | D:1      | inmateoo, the Human Gladiator, began the quest for the Orb.
     0 | D:1      | Reached XP level 1. HP: 16/16 MP: 1/1
   199 | D:1      | Reached XP level 2. HP: 22/22 MP: 2/2
   520 | D:2      | Reached XP level 3. HP: 25/27 MP: 3/3
   733 | D:2      | Reached skill level 4 in Staves
   733 | D:2      | Reached XP level 4. HP: 34/34 MP: 4/4
   744 | D:2      | Found a sparkling altar of Nemelex Xobeh.
  1431 | D:3      | Reached XP level 5. HP: 36/41 MP: 5/5
  1502 | D:3      | Found a shimmering altar of Xom.
  1504 | D:3      | Found a shimmering altar of Xom.
  1505 | D:3      | Found a shimmering altar of Xom.
  1826 | D:3      | Found a bloodstained altar of Trog.
  1953 | D:3      | Found a radiant altar of Vehumet.
  1984 | D:3      | Reached skill level 5 in Staves
  1994 | D:3      | Became a worshipper of Vehumet
  2218 | D:3      | Reached XP level 6. HP: 44/47 MP: 6/6
  2352 | D:4      | Found a snail-covered altar of Cheibriados.
  2397 | D:4      | Noticed a slave
  2401 | D:4      | Noticed Pikel
  2410 | D:4      | Noticed a slave
  2418 | D:4      | Killed Pikel
  2418 | D:4      | Reached skill level 6 in Staves
  2418 | D:4      | Reached XP level 7. HP: 37/54 MP: 4/7
  2422 | D:4      | Killed a freed slave
  2438 | D:4      | Noticed a freed slave
  2438 | D:4      | Killed a freed slave
  2447 | D:4      | Noticed a freed slave
  2533 | D:4      | Gained mutation: You are agile. (Dex +2) [potion of mutation]
  2533 | D:4      | Gained mutation: You have a pair of small horns on your head. [potion of mutation]
  2533 | D:4      | Gained mutation: You have sharp toenails. [potion of mutation]
  2659 | D:4      | Killed a freed slave
  2894 | D:5      | Entered Level 5 of the Dungeon
  2906 | D:5      | Acquired Vehumet's first power
  2906 | D:5      | Offered knowledge of Flame Tongue by Vehumet.
  2919 | D:5      | Learned a level 1 spell: Flame Tongue
  3023 | D:5      | You fall through a shaft for 3 floors!
  3047 | D:8      | Noticed a wyvern
  3057 | D:8      | Reached skill level 1 in Fire Magic
  3062 | D:8      | Killed a wyvern
  3062 | D:8      | Reached skill level 1 in Spellcasting
  3062 | D:8      | Reached skill level 1 in Evocations
  3062 | D:8      | Reached XP level 8. HP: 37/60 MP: 7/9
  3386 | D:5      | Found Ituschame's Antique Weapon Shoppe.
  3422 | D:5      | Reached skill level 7 in Staves
  3478 | D:5      | Offered knowledge of Throw Frost by Vehumet.
  3891 | D:6      | Found a shattered altar of Ashenzari.
  3916 | D:6      | Found a staircase to the Ecumenical Temple.
  3941 | D:6      | Reached skill level 5 in Dodging
  4105 | D:6      | Offered knowledge of Throw Flame by Vehumet.
  4229 | D:6      | Reached XP level 9. HP: 59/67 MP: 11/11
  4273 | D:6      | Gained mutation: You are frail (-10% HP). [mutagenic meat]
  4275 | D:6      | Gained mutation: You are partially covered in large bone plates (AC +2, SH +2). [mutagenic meat]
  4276 | D:6      | Gained mutation: You are mostly covered in large bone plates (AC +3, SH +3). [mutagenic meat]
  4278 | D:6      | Gained mutation: Your flesh is cold resistant. [mutagenic meat]
  4302 | D:6      | Acquired Vehumet's second power
  4420 | D:6      | Reached skill level 5 in Fighting
  4680 | D:6      | Reached skill level 1 in Conjurations
  4795 | D:6      | Offered knowledge of Sticky Flame by Vehumet.
  4808 | D:6      | Learned a level 4 spell: Sticky Flame
  5010 | D:7      | Noticed Joseph
  5024 | D:7      | Killed Joseph
  5024 | D:7      | Reached skill level 8 in Staves
  5184 | D:7      | Found a basalt altar of Yredelemnul.
  5214 | D:7      | Found an iron altar of Okawaru.
  5353 | D:7      | Acquired Vehumet's third power
  5353 | D:7      | Reached XP level 10. HP: 58/66 MP: 14/14
  5558 | D:7      | Offered knowledge of Mephitic Cloud by Vehumet.
  5563 | D:7      | Reached skill level 5 in Fire Magic
  5568 | D:7      | Learned a level 3 spell: Mephitic Cloud
  5639 | D:7      | Gained mutation: You can spit weak poison. [potion of mutation]
  6081 | D:7      | Found a glowing silver altar of Zin.
  6653 | D:8      | Noticed Erolcha
  6675 | D:8      | Paralysed by something for 2 turns
  6720 | D:9      | Found a blossoming altar of Fedhas.
  6751 | D:9      | Reached skill level 5 in Evocations
  7051 | D:9      | Found a staircase to the Lair.
  7287 | D:9      | Gained mutation: You are very frail (-20% HP). [mutagenic meat]
  7304 | D:9      | Gained mutation: Your flesh is heat resistant. [mutagenic meat]
  7307 | D:9      | Lost mutation: Your flesh is heat resistant. [mutagenic meat]
  7317 | D:9      | Found a staircase to the Orcish Mines.
  7576 | D:9      | Noticed Chiseanne's ghost (experienced DsWn)
  7947 | D:9      | Found a sacrificial altar of Ru.
  8025 | D:9      | Reached skill level 9 in Staves
  8144 | D:9      | Killed Chiseanne's ghost
  8606 | D:10     | Entered Level 10 of the Dungeon
  8681 | D:10     | Reached XP level 11. HP: 60/66 MP: 13/16
  8833 | D:10     | Offered knowledge of Throw Icicle by Vehumet.
  8834 | D:10     | HP: 2/66 [ogre/giant spiked club (12)]
  9910 | D:11     | Noticed an unseen horror
  9915 | D:11     | Noticed a white ugly thing
  9925 | D:11     | HP: 1/66 [something (7)]
  9925 | D:11     | Mangled by an unseen horror

Action                   |  1- 3 |  4- 6 |  7- 9 | 10-12 || total
-------------------------+-------+-------+-------+-------++-------
Melee: Quarterstaff      |    73 |   177 |   423 |   648 ||  1321
 Cast: Flame Tongue      |       |       |     5 |       ||     5
       Sticky Flame      |       |       |       |     2 ||     2
 Abil: Evoke Berserk Rag |       |       |     1 |       ||     1
Evoke: Deck              |       |     3 |     1 |     6 ||    10
  Use: Scroll            |       |     7 |    13 |     7 ||    27
       Potion            |       |       |     3 |    10 ||    13
 Stab: Sleeping          |       |       |     8 |       ||     8
       Distracted        |       |       |     1 |     1 ||     2
       Paralysed         |       |       |       |     1 ||     1
       Invisible         |       |       |       |     2 ||     2
  Eat: Chunk             |       |     5 |    16 |    13 ||    34
       Fruit             |       |       |       |     4 ||     4
       Bread ration      |       |       |       |     3 ||     3
